 Dungeon Crawl Stone Soup version 0.29-a0-321-gf1c400731a (webtiles) character file.

Game seed: 12572886927619869949

3936 bande the Cleaver (level 10, -9/61 HPs)
             Began as a Gargoyle Fighter on Apr 4, 2022.
             Was an Initiate of Okawaru.
             Killed from afar by Erica (20 damage)
             ... with a lance of force
             ... on level 8 of the Dungeon.
             The game lasted 00:14:32 (9885 turns).

bande the Cleaver (Gargoyle Fighter)                Turns: 9885, Time: 00:14:32

Health: -9/61      AC: 17    Str: 20    XL:     10   Next: 21%
Magic:  10/10      EV:  9    Int:  9    God:    Okawaru [......]
Gold:   441        SH:  5    Dex: 13    Spells: 9/9 levels left

rFire   . . .      SeeInvis .   l - +4 war axe (flame)
rCold   . . .      Faith    .   c - +0 buckler
rNeg    + . .      Spirit   .   b - +0 scale mail
rPois   ∞          Reflect  .   (no helmet)
rElec   +          Harm     .   f - +0 cloak
rCorr   .          Rampage  .   q - +0 pair of gloves
Will    .....                   (no boots)
Stlth   ..........              (no amulet)
HPRegen 0.20/turn               (no ring)
MPRegen 0.12/turn               (no ring)

@: slowed, very slow
A: sickness immunity, AC +7, negative energy resistance 1, electricity
resistance, torment resistance 1, petrification resistance
a: Renounce Religion


You were on level 8 of the Dungeon.
You worshipped Okawaru.
Okawaru was noncommittal.
You visited 2 branches of the dungeon, and saw 9 of its levels.
You also visited: Ossuary.

You collected 441 gold pieces.

Inventory:

Hand Weapons
 a - a +1 war axe
 l - a +4 war axe of flaming (weapon)
Missiles
 k - a throwing net (quivered)
Armour
 b - a +0 scale mail (worn)
 c - a +0 buckler (worn)
 f - a +0 cloak (worn)
 q - a +0 pair of gloves (worn)
Jewellery
 g - a ring of magical power
 A - an amulet of faith
 F - a ring of see invisible
Wands
 s - a wand of flame (21)
 v - a wand of paralysis (23)
 E - a wand of acid (13)
Scrolls
 e - 3 scrolls of fog
 x - a scroll of amnesia
 y - 2 scrolls of enchant weapon
 z - a scroll of identify
 C - 5 scrolls of teleportation {unknown}
 D - 3 scrolls of silence {unknown}
 G - 3 scrolls of enchant armour {unknown}
Potions
 d - 2 potions of might
 h - a potion of invisibility {unknown}
 i - 3 potions of ambrosia {unknown}
 j - a potion of heal wounds
 m - 6 potions of flight
 n - 2 potions of haste
 o - 2 potions of mutation {unknown}
 p - a potion of cancellation {unknown}
 r - 2 potions of curing {unknown}
 t - a potion of brilliance {unknown}
 u - 3 potions of lignification {unknown}
 w - a potion of degeneration {unknown}
 B - a potion of attraction {unknown}


   Skills:
 + Level 6.5 Fighting
 + Level 9.0 Axes
 + Level 7.4 Armour
 - Level 0.4 Dodging
 + Level 5.3 Shields
 * Level 5.4 Evocations


You had 9 spell levels left.
You didn't know any spells.
Your spell library contained the following spells:

 Spells                   Type           Power      Damage    Failure   Level
 Beastly Appendage        Tmut           0%         N/A       80%         1
 Wereblood                Tmut           0%         N/A       90%         2
 Spider Form              Tmut/Pois      0%         N/A       99%         3
 Passage of Golubria      Tloc           0%         N/A       100%        4
 Yara's Violent Unravell  Hex/Tmut       0%         3d3       100%        5
 Tukima's Dance           Hex            Unusable   N/A       N/A         3

Dungeon Overview and Level Annotations

Branches:
Dungeon (8/15)             Temple (1/1) D:5         Ossuary (visited)
   Lair: D:8-11

Altars:
Cheibriados
Elyvilon
Gozag
Hepliaklqana
Kikubaaqudgha
Makhleb
Okawaru
Qazlal
Ru
Sif Muna
Trog
Uskayaw
Vehumet
Wu Jian
Yredelemnul
Zin
The Shining One
Lugonu

Annotations:
D:6 1 runed translucent door, AttackTheMoon's ghost, weakling KoDe
D:8 Erica


Innate Abilities, Weirdness & Mutations

You are immune to sickness and miasma.
Your stone body is resilient. (AC +7)
You are immune to poison.
You resist negative energy. (rN+)
You are resistant to electric shocks. (rElec)
You are resistant to unholy torment.
You are immune to petrification.


Message History

You start resting.
HP restored.
You start waiting.
Done waiting.
You now have 441 gold pieces (gained 18).
Found a stone staircase leading up and a stone staircase leading down.
Erica the Fiery-Tempered comes into view.
She is wielding a +0 scimitar of flaming.
Erica shouts!
Erica points at you and mumbles some strange words.
You feel yourself slow down.
You see here 19 gold pieces.
Erica hits you with a +0 scimitar of flaming.
Erica burns you. Erica closely misses you.
You hit Erica. You burn Erica.
Erica is lightly wounded.
Erica casts a spell.
Erica flickers and vanishes!
Deactivating autopickup; reactivate with Ctrl-A.
You hear some strange, mumbled words.
A lance of force appears from out of thin air!
The lance of force hits you.
You are knocked back by the lance of force.
Something hits you. Something burns you. Something hits you.
Something burns you.
You slash something! You burn something. You block something's attack.
Something hits you! Something burns you. Something hits you.
Something burns you.
You see here 19 gold pieces.
You hear some strange, mumbled words.
Something tries to affect you, but you resist.
Something hits you. Something burns you. Something hits you!
* * * LOW HITPOINT WARNING * * *
Something burns you.
* * * LOW HITPOINT WARNING * * *
Something hits you but does no damage.
You hear some strange, mumbled words.
A lance of force appears from out of thin air!
The lance of force hits you!!
You die...

#......#. #......!
### #.#......##..#.
#..............
#......# . ###...##.#
.## #####........#
... .......$.>#######
... #..##....{.@<.$.#
##.###.##..####.###.#
.....#.##.........
#####...###.########
...8#..............
..###.##.##.######.
_..)..##..#.#
..###.###.#.# ...8#.#
...#


There were no monsters in sight!

Vanquished Creatures
  Prince Ribbit (D:7)
  2 humans (D:8)
  Grum (D:8)
  Menkaure (D:6)
  Duvessa (D:5)
  3 orc warriors (D:6)
  4 ice beasts
  3 black bears
  An ogre (D:7)
  3 wolves (D:8)
  A phantom (D:5)
  A kobold brigand (D:6)
  Blork the orc (D:6)
  2 necrophages
  3 scorpions
  6 wights
  Dowan (D:5)
  A howler monkey (D:6)
  A crimson imp (D:5)
  4 hounds
  A centaur zombie (Ossuary)
  2 jellies (D:7)
  3 orc priests
  A human zombie (Ossuary)
  2 gnoll shamans
  3 iguanas
  4 orc wizards
  2 mummies (Ossuary)
  8 adders
  7 gnolls
  2 shadow imps (D:6)
  A white imp (D:6)
  A worm (D:5)
  A dart slug (D:3)
  18 orcs
  9 bats
  7 endoplasms
  3 giant cockroaches (D:1)
  10 hobgoblins
  6 jackals
  12 kobolds
  3 quokkas
  3 ball pythons
  A frilled lizard (D:3)
  7 goblins
  A goblin zombie (D:4)
  8 hobgoblin zombies (Ossuary)
  5 jackal zombies (Ossuary)
  10 kobold zombies (Ossuary)
  11 orc zombies (Ossuary)
  A quokka zombie (D:4)
  16 rats
  A rat zombie (Ossuary)
211 creatures vanquished.

Vanquished Creatures (others)
  2 orc wizards (D:6)
2 creatures vanquished.

Grand Total: 213 creatures vanquished

Notes
Turn   | Place    | Note
-------+----------+-------------------------------------------
     0 | D:1      | bande the Gargoyle Fighter began the quest for the Orb.
     0 | D:1      | Reached XP level 1. HP: 14/14 MP: 1/1
   115 | D:1      | Reached XP level 2. HP: 19/19 MP: 2/2
   476 | D:1      | Reached skill level 2 in Axes
   592 | D:1      | Reached XP level 3. HP: 19/23 MP: 3/3
  1155 | D:1      | Found a bloodstained altar of Trog.
  1440 | D:2      | Identified a scroll of acquirement
  1440 | D:2      | Acquired a +4 war axe of flaming
  1464 | D:2      | Reached XP level 4. HP: 26/29 MP: 4/4
  2116 | D:3      | Reached skill level 3 in Axes
  2341 | D:3      | Found an ancient bone altar of Kikubaaqudgha.
  2530 | D:3      | Found a glowing silver altar of Zin.
  2798 | D:4      | Found a sand-covered staircase.
  2807 | Ossuary  | Entered an ossuary
  2855 | Ossuary  | Reached XP level 5. HP: 33/33 MP: 5/5
  3017 | Ossuary  | Reached skill level 4 in Axes
  3113 | D:4      | Reached XP level 6. HP: 38/38 MP: 6/6
  3355 | D:4      | Reached skill level 1 in Evocations
  3489 | D:5      | Entered Level 5 of the Dungeon
  3607 | D:5      | Found a staircase to the Ecumenical Temple.
  3614 | Temple   | Entered the Ecumenical Temple
  3711 | D:5      | Noticed a black bear
  3716 | D:5      | Killed a black bear
  3717 | D:5      | Reached skill level 5 in Axes
  3764 | D:5      | Reached XP level 7. HP: 39/44 MP: 7/7
  4438 | D:5      | Reached XP level 8. HP: 42/48 MP: 8/8
  4612 | D:5      | Noticed a moth of wrath
  4615 | D:5      | Found a bloodstained altar of Trog.
  4657 | D:5      | Found a burning altar of Makhleb.
  4658 | D:5      | Found a radiant altar of Vehumet.
  4668 | D:5      | Reached skill level 6 in Axes
  4927 | D:6      | Noticed Duvessa
  4928 | D:6      | Noticed Dowan
  4945 | D:5      | Killed Duvessa
  4946 | D:5      | Reached skill level 5 in Armour
  4947 | D:5      | Killed Dowan
  5168 | D:5      | Reached skill level 5 in Fighting
  5533 | D:6      | Found a runed translucent door.
  5587 | D:6      | Found a glowing golden altar of the Shining One.
  5610 | D:6      | Noticed Blork the orc
  5614 | D:6      | Killed Blork the orc
  5615 | D:6      | Reached skill level 7 in Axes
  5693 | D:6      | Noticed AttackTheMoon's ghost (weakling KoDe)
  5704 | D:6      | Noticed Menkaure
  5713 | D:6      | Killed Menkaure
  5714 | D:6      | Reached XP level 9. HP: 41/54 MP: 9/9
  6025 | D:6      | Found a sacrificial altar of Ru.
  6393 | D:6      | Found a shimmering blue altar of Sif Muna.
  7636 | D:7      | Found a stormy altar of Qazlal.
  7735 | D:7      | Reached skill level 8 in Axes
  8110 | D:6      | Reached skill level 5 in Shields
  8575 | D:7      | Found a snail-covered altar of Cheibriados.
  9063 | D:7      | Noticed Prince Ribbit
  9199 | D:7      | Killed Prince Ribbit
  9200 | D:7      | Reached skill level 5 in Evocations
  9376 | D:7      | Reached XP level 10. HP: 60/60 MP: 10/10
  9493 | D:8      | Noticed Grum
  9509 | D:8      | HP: 3/61 [Grum/-2 spear of flaming (4)]
  9509 | D:8      | HP: 1/61 [Grum/-2 spear of flaming (2)]
  9514 | D:8      | Killed Grum
  9531 | D:8      | Found an iron altar of Okawaru.
  9538 | D:8      | Became a worshipper of Warmaster Okawaru
  9551 | D:8      | Reached skill level 9 in Axes
  9871 | D:8      | Noticed Erica
  9885 | D:8      | Killed from afar by Erica

Illustrated notes

Levels and vault maps discovered:
D:1:      dpeg_arrival_water_altar, layout_loops_cross, minmay_heptomino_l4
D:2:      layout_loops_ring, minmay_fractal_squares_gapless_5
D:3:      layout_loops_ring, mainiacjoe_overflow_boulevard,
          mainiacjoe_overflow_paths
D:4:      layout_gridville, enter_ossuary_4
D:5:      layout_loops_corners, grunt_temple_overflow_lords_of_destruction,
          tgw_trog, minmay_temple_entry_wispy, kennysheep_generic_room_3
D:6:      layout_basic, marbit_many_paths, kennysheep_orc_sif_temple,
          mainiacjoe_overflow_concentric_impassable,
          ebering_ghost_reflecting_pool, minmay_misc_feat_cross, uniq_menkaure,
          uniq_blork_the_orc, uniq_duvessa
D:7:      layout_basic, nicolae_qazlal_general_emergency, cheibriados_altar_1,
          minmay_misc_feat_square, minmay_puff, uniq_prince_ribbit1
D:8:      layout_basic, lemuel_round_altar, okawaru_humans,
          amcnicky_altar_gilded, uniq_grum, uniq_erica
Temple:   corrupted_temple

Skill      XL: |  1  2  3  4  5  6  7  8  9 10 |
---------------+-------------------------------+-----
Axes           | 2 3 4 5 7 8 9 |  9.0
Fighting       | 4 5 6 |  6.5
Shields        | 4 5 |  5.3
Evocations     | 1 2 3 5 |  5.4
Armour         | 4 5 7 |  7.4
Dodging        | |  0.4

Action                   |  1- 3 |  4- 6 |  7- 9 | 10-12 || total
-------------------------+-------+-------+-------+-------++-------
Melee: War axe           |   116 |   153 |   252 |    53 ||   574
  Use: Scroll            |     8 |     4 |     2 |       ||    14
       Potion            |       |       |     1 |     2 ||     3
Armor: Scale mail        |    79 |    62 |   139 |    39 ||   319
Dodge: Dodged            |    67 |    58 |    94 |    25 ||   244
Block: Buckler           |    23 |    34 |    55 |    16 ||   128

Table legend: (Time is in decaauts)
 A = Elapsed time spent in this place.
 B = Non-inter-level travel time spent in this place.
 C = Inter-level travel time spent in this place.
 D = Time resting spent in this place.
 E = Time spent auto-exploring this place.
 F = Levels seen in this place.
 G = Mean time per level.
                   A        B        C        D        E       F      G
               +--------+--------+--------+--------+--------+-----+--------+
         Total |  10074 |   9788 |    286 |   2188 |   5841 |  10 | 1007.4 |
       Dungeon |   9732 |   9446 |    286 |   2188 |   5680 |   8 | 1216.5 |
        Temple |     52 |     52 |      0 |      0 |     24 |   1 |   52.0 |
       Ossuary |    289 |    289 |      0 |      0 |    137 |   1 |  289.0 |
               +--------+--------+--------+--------+--------+-----+--------+

Top non-repeatable levels by time:
     D:6: 2687 daAuts
     D:5: 1706 daAuts
     D:7: 1619 daAuts
     D:1: 1281 daAuts
     D:2: 859 daAuts
     D:3: 618 daAuts
     D:4: 545 daAuts
     D:8: 413 daAuts
 Ossuary: 289 daAuts
  Temple: 52 daAuts
